Cogmind - Beta 16 @@@ ROGUE MODE // 2026.01.01 @ 22:27:31 Player: Tereza Result: Destroyed self Performance ------------- Evolutions (3) 1500 Regions Visited (12) 2400 Robots Destroyed (164) 820 Value Destroyed (5825) 5825 Prototype IDs (27) 540 Alien Tech Used (0) 0 Bonus (3583) 3583 TOTAL SCORE: 14668 Bonus ------- High Alert Combat Kills 750 Follower Combat Kills 433 Entered Garrisons 600 Used RIF Installer 1500 Aligned with FarCom 300 Cogmind --------- Core Integrity 0/700 Matter 250/300 Energy 73/100 System Corruption 2% Temperature Cool (12) Movement Core (50) Location -7/Storage Parts ------- > --- POWER (1) -------- (None) > --- PROPULSION (4) --- (None) > --- UTILITY (6) ------ (None) > --- WEAPON (2) ------- (None) > --- INVENTORY (5) ---- Advanced Terrain Scan Processor Remote Datajack Peak State ------------ > --- POWER ------------ Micro Nuclear Core > --- PROPULSION ------- Carbon-fiber Leg Carbon-fiber Leg Carbon-fiber Leg Improved Titanium Leg > --- UTILITY ---------- High-capacity Storage Unit Enhanced Optical Array Melee Analysis Suite Hardlight Generator Hacking Suite > --- WEAPON ----------- YOLO Cannon > --- INVENTORY -------- Improved Deuterium Engine Carbon-fiber Leg Carbon-fiber Leg Advanced Heat Sink Improved Sensor Array Advanced Terrain Scan Processor Transmission Jammer System Shield Relay Coupler [NC] Relay Coupler [Sentry] Relay Coupler [Behemoth] Remote Datajack Greatsword Greatsword [Rating: 58] Favorites ----------- Power Improved Ion Engine Engine Improved Ion Engine Power Core Light Nuclear Core Propulsion Aluminum Leg Treads Light Treads Leg Aluminum Leg Utility Large Storage Unit Device Hardlight Generator Storage Large Storage Unit Processor Enhanced Optical Array Hackware Hacking Suite Protection Improved Light Armor Plating Weapon Heavy Assault Rifle Energy Gun Small Laser Energy Cannon YOLO Cannon Ballistic Gun Heavy Assault Rifle Launcher Rocket Launcher Impact Weapon Great Maul Slashing Weapon Greatsword Build | -11 -10 -9 -9 -9 -8 -8 -8 -8 -8 -7 -7 -7 ------- Run | Yrd Mat Mat Min Exi Min Mat Gar Mat Gar Fac Gar Sto Slots Evolved 6 | . . 2 . . . 2 . . . 2 . . Power . | . . . . . . . . . . . . . Propulsion 2 | . . 1 . . . 1 . . . . . . Utility 4 | . . 1 . . . 1 . . . 2 . . Weapon . | . . . . . . . . . . . . . Parts Attached 112 | 7 5 29 . . . 16 16 8 13 11 4 3 Power 11 | 1 . 3 . . . 1 2 . 2 2 . . Engine 6 | 1 . 3 . . . 1 . . . 1 . . Core 5 | . . . . . . . 2 . 2 1 . . Reactor . | . . . . . . . . . . . . . Propulsion 43 | 2 2 12 . . . 5 7 3 8 2 2 . Treads 6 | 2 . 4 . . . . . . . . . . Leg 37 | . 2 8 . . . 5 7 3 8 2 2 . Wheel . | . . . . . . . . . . . . . Hover . | . . . . . . . . . . . . . Flight . | . . . . . . . . . . . . . Utility 31 | 2 1 8 . . . 5 3 3 1 5 . 3 Device 12 | 1 1 4 . . . 2 1 1 . 1 . 1 Storage 5 | 1 . 2 . . . 1 . . . 1 . . Processor 7 | . . 2 . . . . . 2 1 1 . 1 Hackware 3 | . . . . . . . . . . 2 . 1 Protection 4 | . . . . . . 2 2 . . . . . Artifact . | . . . . . . . . . . . . . Weapon 27 | 2 2 6 . . . 5 4 2 2 2 2 . Energy Gun 2 | 1 1 . . . . . . . . . . . Energy Cannon 1 | . . . . . . 1 . . . . . . Ballistic Gun 19 | 1 1 5 . . . 4 3 2 2 1 . . Ballistic Cannon . | . . . . . . . . . . . . . Launcher 1 | . . 1 . . . . . . . . . . Special Weapon . | . . . . . . . . . . . . . Impact Weapon 1 | . . . . . . . 1 . . . . . Slashing Weapon 3 | . . . . . . . . . . 1 2 . Piercing Weapon . | . . . . . . . . . . . . . Special Melee Weapon . | . . . . . . . . . . . . . Unidentified Prototypes 2 | . . 1 . . . 1 . . . . . . Parts Lost 50 | . 5 10 . . . 4 10 . 6 . 13 2 Power 5 | . 1 2 . . . 1 1 . . . . . Propulsion 23 | . 1 4 . . . 3 5 . 3 . 7 . Utility 15 | . 1 4 . . . . 3 . 2 . 4 1 Weapon 7 | . 2 . . . . . 1 . 1 . 2 1 Highest Loss Streak 10 | . 2 3 . . . 2 6 . 2 . 10 2 To Critical Strikes 1 | . . . . . . 1 . . . . . . Average Backups 11 | 4 7 10 13 14 14 13 13 14 13 12 14 3 Power . | . 1 . . . 1 . . . . . . . Propulsion 2 | 3 4 2 2 4 4 1 2 3 3 3 2 . Utility 4 | . . 3 5 5 5 5 5 5 5 4 6 1 Weapon 3 | . 1 3 5 3 3 4 5 5 4 3 2 . Tool/Special . | . . . . . . . . . . . . . Unused Backups 41 | . 3 7 . 1 . 2 7 1 8 3 7 2 Power 2 | . . . . . . 1 . . . . 1 . Propulsion 9 | . 3 . . . . . 2 . 4 . . . Utility 16 | . . 2 . 1 . . 4 . 1 1 6 1 Weapon 9 | . . 5 . . . 1 . . 1 2 . . Tool/Special 5 | . . . . . . . 1 1 2 . . 1 Average Slot Usage (%) 90 | . 93 85 100 100 100 98 92 98 93 91 84 16 Engine 6 | . 13 8 11 11 11 8 5 . . 2 . . Core 2 | . . . . . . . 2 9 9 4 6 . Treads 2 | . 11 3 . . . . . . . . . . Leg 29 | . 16 29 33 33 33 35 35 36 35 30 27 . Device 10 | . 8 10 11 11 11 11 14 17 13 6 6 . Storage 9 | . 14 11 11 11 11 9 9 9 9 7 6 . Processor 6 | . . . 11 11 11 7 . 8 10 15 14 10 Hackware 2 | . . . . . . . . . . 14 12 4 Protection 1 | . . . . . . 8 8 . . . . . Energy Gun 1 | . 14 . . . . . . . . . . . Ballistic Gun 14 | . 14 21 22 22 22 17 14 16 14 2 . . Slashing Weapon 1 | . . . . . . . . . . 6 6 . Peak Build Rating 58 | 7 7 16 15 17 17 41 40 35 47 47 58 25 Average Rating 24 | 5 6 12 15 15 17 24 27 31 35 46 45 14 On Entrance 19 | . 7 6 16 15 17 17 29 26 34 37 47 8 Avg Prop Armor Cover (%) 9 | . . 10 . . . . . . . 6 . . Naked Turns 16 | . . . . . . . . . . . . 16 Heaviest Build 69 | 14 14 38 32 32 32 49 51 39 49 56 69 18 Greatest Support 65 | 40 40 36 33 33 33 45 45 50 55 65 65 3 Greatest Overweight (x) 5 | . . 1 . . . 1 1 . 1 . 3 5 Average Overweight (x) . | . . . . . . . . . . . . . Largest Inventory Capacity 20 | 8 8 15 15 15 15 15 15 15 15 20 20 5 Average Capacity 13 | 7 8 11 15 15 15 15 15 15 15 15 19 5 Most Carried 19 | 7 8 14 15 15 15 15 15 15 15 15 19 5 Average Carried 12 | 4 7 10 13 14 15 14 14 15 14 14 16 4 Final Capacity 20 | 8 8 15 15 15 15 15 15 15 15 20 5 5 Final Carried 15 | 6 8 13 15 15 15 15 15 15 15 15 5 2 Class Distribution -------------------- 61% | Scavenger-Mutant 20% | Mutant 14% | Scavenger-Gladiator Dominant Class ---------------- Mutant | -10/Materials Scavenger-Mutant | -9/Materials Scavenger-Mutant | -9/Mines Scavenger-Mutant | -9/Exiles Scavenger-Mutant | -8/Mines Scavenger-Mutant | -8/Materials Scavenger-Mutant | -8/Garrison Scavenger-Mutant | -8/Materials Scavenger-Mutant | -8/Garrison Scavenger-Gladiator | -7/Factory Bothacker-Gladiator | -7/Garrison Mutant | -7/Storage Resources | -11 -10 -9 -9 -9 -8 -8 -8 -8 -8 -7 -7 -7 ----------- Run | Yrd Mat Mat Min Exi Min Mat Gar Mat Gar Fac Gar Sto Matter Collected 3254 | 269 101 772 142 7 . 430 559 217 470 262 25 . Remotely . | . . . . . . . . . . . . . Salvage Created 5566 | 57 473 1483 188 . . 884 868 212 836 274 241 50 Parts 323 | 5 34 99 11 . . 45 37 11 55 15 10 1 Haulers Intercepted 10 | . . 6 . . . 4 . . . . . . Recyclers Shooed 2 | 1 . . . . . . . 1 . . . . Parts Field Recycled . | . . . . . . . . . . . . . Retrieved Matter . | . . . . . . . . . . . . . Parts Self-Destructed . | . . . . . . . . . . . . . Prevented . | . . . . . . . . . . . . . Parts Restored . | . . . . . . . . . . . . . Kills | -11 -10 -9 -9 -9 -8 -8 -8 -8 -8 -7 -7 -7 ------- Run | Yrd Mat Mat Min Exi Min Mat Gar Mat Gar Fac Gar Sto Combat Hostiles Destroyed 131 | . 14 30 4 . . 17 22 4 25 6 8 1 Melee 10 | . . . . . . . . . . 6 4 . Guns 80 | . 14 26 4 . . 11 13 4 8 . . . Cannons 8 | . . . . . . . 2 . 6 . . . AOE 32 | . . 4 . . . 6 7 . 11 . 4 . Classes Destroyed 14 | 1 3 6 . . . 1 1 . 2 . . . Worker 4 | . . 2 . . . 1 . . . 1 . . Builder 3 | . . 2 . . . 1 . . . . . . Tunneler 7 | 2 2 1 2 . . . . . . . . . Hauler 10 | . . 6 . . . 4 . . . . . . Recycler 2 | . . 1 . . . 1 . . . . . . Watcher 7 | . 1 3 . . . 2 . . . 1 . . Swarmer 42 | . 6 12 . . . 7 4 . 4 3 6 . Saboteur 3 | . . . . . . . . . 3 . . . Grunt 45 | . 8 8 4 . . 5 9 1 9 1 . . Brawler 2 | . . . . . . 1 1 . . . . . Duelist 2 | . . 1 . . . . 1 . . . . . Sentry 26 | . . 9 . . . 4 5 3 1 1 2 1 Hunter 6 | . . . . . . . 2 . 4 . . . Programmer 4 | . . . . . . . . . 3 1 . . Guerrilla 1 | . . . . . . . . . 1 . . . Best Kill Streak 10 | 2 3 10 4 . . 9 9 2 10 4 4 1 Combat Bots Only 10 | . 3 9 4 . . 6 9 2 10 4 4 1 Max Kills in Single Turn 9 | 1 1 4 1 . . 9 3 1 3 1 4 1 Gunslinging . | . . . . . . . . . . . . . Exploded 6 | . . 3 . . . 6 2 . 3 . 4 . Melee 1 | . . . . . . . . . . 1 1 . Uniques/NPCs Destroyed . | . . . . . . . . . . . . . Combat | -11 -10 -9 -9 -9 -8 -8 -8 -8 -8 -7 -7 -7 -------- Run | Yrd Mat Mat Min Exi Min Mat Gar Mat Gar Fac Gar Sto Hostile Shots Fired 850 | . 100 151 24 . . 57 119 21 126 34 164 54 Missed 233 | . 23 35 6 . . 19 25 10 38 10 49 18 Hits 617 | . 77 116 18 . . 38 94 11 88 24 115 36 Melee 6 | . . 2 . . . . 4 . . . . . Projectile 611 | . 77 114 18 . . 38 90 11 88 24 115 36 Critical Strikes 24 | . . 1 . . . 2 7 . 8 1 5 . Actively Blocked 1 | . . . . . . . 1 . . . . . Part Disruptions 1 | . . . . . . . . . . 1 . . Damage Taken 8014 | . 812 1418 248 . . 559 1437 144 1140 274 1562 420 Core 1555 | . 154 160 12 . . 44 209 . 233 56 427 260 Absorbed by Shields 511 | . . . . . . . . 36 176 32 267 . Redirected to Shielding 103 | . . . . . . . 103 . . . . . Regen/Repaired (Parts) 165 | . . 165 . . . . . . . . . . Core Remaining (%) 51 | 100 38 . . . 57 . . . 11 . . . Volleys Fired 397 | 5 63 112 20 . . 54 66 14 55 4 1 3 Largest 2 | 2 2 2 2 . . 2 2 2 2 2 1 1 Hottest 100 | 70 70 60 43 . . 100 100 56 100 58 100 100 Shots Fired 759 | 10 126 216 40 . . 106 126 28 96 8 1 2 Gun 737 | 10 126 213 40 . . 104 121 28 87 8 . . Cannon 19 | . . . . . . 2 5 . 9 . 1 2 Launcher 3 | . . 3 . . . . . . . . . . Special . | . . . . . . . . . . . . . Kinetic 661 | 5 63 205 40 . . 104 121 28 87 8 . . Thermal 95 | 5 63 8 . . . 2 5 . 9 . 1 2 Explosive 3 | . . 3 . . . . . . . . . . Electromagnetic . | . . . . . . . . . . . . . Robot Hit Streak 24 | 10 15 15 5 . . 11 24 20 14 2 . 1 Robot Miss Streak 6 | . 4 6 3 . . 6 4 3 1 2 1 2 Penetration Max 1 | . . . . . . . . 1 1 . . . Secondary Targets 9 | . 4 . . . . . 3 . 2 . . . Max Gunslinging Chain 1 | . 1 . . . . . 1 . 1 . . . Shots Hit Robots 576 | 10 83 161 30 . . 70 96 18 75 17 15 1 Core Hits 257 | 4 35 72 13 . . 42 39 6 33 5 7 1 Critical Kills 2 | . . . . . . . 1 . . . . 1 Critical Parts Destroyed 4 | . . 3 . . . 1 . . . . . . Critical Strikes 16 | 1 3 3 . . . 1 1 . . 1 5 1 Burn 4 | 1 3 . . . . . . . . . . . Meltdown 1 | . . . . . . . . . . . . 1 Destroy 5 | . . 3 . . . 1 1 . . . . . Sever 6 | . . . . . . . . . . 1 5 . Melee Attacks 51 | . . . . . . . 1 1 2 25 22 . Impact 4 | . . . . . . . 1 1 2 . . . Slashing 47 | . . . . . . . . . . 25 22 . Piercing . | . . . . . . . . . . . . . Sneak Attacks 1 | . . . . . . . . . . 1 . . Combat Hostiles . | . . . . . . . . . . . . . Follow-up Attacks . | . . . . . . . . . . . . . Damage Inflicted 13561 | 105 895 2442 338 . . 1764 2342 387 3327 830 970 161 Guns 7515 | 105 895 2117 338 . . 985 1425 387 1179 84 . . Cannons 1412 | . . . . . . 80 263 . 946 . . 123 Explosions 3142 | . . 325 . . . 699 654 . 1202 . 224 38 Melee 1492 | . . . . . . . . . . 746 746 . Ramming . | . . . . . . . . . . . . . Kinetic 6811 | 43 330 2040 338 . . 985 1425 387 1179 84 . . Thermal 4755 | 62 565 77 . . . 601 917 . 2148 . 224 161 Explosive 503 | . . 325 . . . 178 . . . . . . Electromagnetic . | . . . . . . . . . . . . . Impact . | . . . . . . . . . . . . . Slashing 1492 | . . . . . . . . . . 746 746 . Piercing . | . . . . . . . . . . . . . Highest Corruption 6 | . . . . . . . 1 1 6 2 2 2 Average Corruption 1 | . . . . . . . 1 1 2 2 2 2 Corruption Purged . | . . . . . . . . . . . . . Corruption Blocked . | . . . . . . . . . . . . . Effects 32 | . . . . . . . . 4 12 10 5 1 Message Errors 10 | . . . . . . . . 1 6 2 . 1 Matter Fused 6 | . . . . . . . . 1 2 3 . . Heat Flow Errors 3 | . . . . . . . . . . . 3 . Energy Discharges 4 | . . . . . . . . . 1 3 . . Data Loss (minor) 5 | . . . . . . . . 1 2 1 1 . Data Loss (major) 3 | . . . . . . . . 1 . 1 1 . Misfires 1 | . . . . . . . . . 1 . . . Overload Shots . | . . . . . . . . . . . . . Overflow Damage 721 | . . 29 . . . . 120 . 379 155 38 . Projectiles 397 | . . . . . . . 62 . 335 . . . Explosions 131 | . . 29 . . . . 58 . 44 . . . Melee 193 | . . . . . . . . . . 155 38 . Knockbacks . | . . . . . . . . . . . . . Impact . | . . . . . . . . . . . . . Kinetic . | . . . . . . . . . . . . . Secondary . | . . . . . . . . . . . . . Self-Inflicted Damage 300 | . . 29 . . . 75 50 . . . 46 100 Shots 5 | . . 1 . . . 1 1 . . . 1 1 Rammed . | . . . . . . . . . . . . . Targets Rammed . | . . . . . . . . . . . . . Kicked . | . . . . . . . . . . . . . Crushed . | . . . . . . . . . . . . . Highest Temperature 222 | 90 222 29 . . . 98 57 37 84 4 162 . Average Temperature 32 | 40 55 7 . . . 30 12 13 17 3 56 . Received Heat Transfer 1719 | . 270 351 141 . . 144 387 52 179 6 72 117 Siege Activations . | . . . . . . . . . . . . . Martial Activations . | . . . . . . . . . . . . . Shielding Activations . | . . . . . . . . . . . . . Robots Disrupted . | . . . . . . . . . . . . . Combat Hostiles . | . . . . . . . . . . . . . Robots Corrupted . | . . . . . . . . . . . . . Combat Hostiles . | . . . . . . . . . . . . . Parts Fried . | . . . . . . . . . . . . . Impact Corruptions . | . . . . . . . . . . . . . Robots Melted 1 | . . . . . . . . . . . . 1 Combat Hostiles 1 | . . . . . . . . . . . . 1 Parts Melted 14 | 2 4 . . . . 1 1 . 4 . 1 1 Heat Transferred 5626 | 259 1672 175 . . . 640 960 . 1600 . 160 160 Parts Sabotaged . | . . . . . . . . . . . . . Parts Stolen . | . . . . . . . . . . . . . Parts Stripped . | . . . . . . . . . . . . . Power Chain Reactions . | . . . . . . . . . . . . . Alert | -11 -10 -9 -9 -9 -8 -8 -8 -8 -8 -7 -7 -7 ------- Run | Yrd Mat Mat Min Exi Min Mat Gar Mat Gar Fac Gar Sto Maximum Alert Level 4 | . . 1 . . . 1 3 2 4 2 2 1 Low Security (%) 48 | 100 100 66 100 . 100 73 6 . . 27 25 . Level 1 22 | . . 33 . . . 26 24 2 . 25 56 100 Level 2 18 | . . . . . . . 50 97 20 47 17 . Level 3 4 | . . . . . . . 18 . 27 . . . Level 4 5 | . . . . . . . . . 51 . . . Level 5 . | . . . . . . . . . . . . . High Security . | . . . . . . . . . . . . . Max Security . | . . . . . . . . . . . . . Peak Influence 1184 | 10 185 247 122 . . 238 946 592 1184 621 642 315 Initial 621 | . . 17 82 . . . 122 460 360 621 91 312 Average 288 | . 73 111 68 . . 90 512 473 951 354 265 287 Influence Increases 5251 | 10 444 941 140 . . 617 924 304 904 173 721 73 Destroy 0b10 Robot/C 2920 | . 280 600 80 . . 340 520 140 620 120 200 20 Destroy 0b10 Robot/NC 165 | 10 15 75 10 . . 45 . . . 10 . . Destroy Leader 494 | . 52 168 20 . . 92 20 60 30 32 10 10 Allied During Kill 105 | . . . . . . . 31 36 26 . 12 . Successful Hack 175 | . 22 20 . . . 50 28 11 28 4 12 . Disable Machine 90 | . . . . . . 30 . 45 . . 15 . Anti-Garrison Action 450 | . . . . . . . 250 . 100 . 100 . Destroy Structure 267 | . . 18 . . . 30 45 12 100 7 27 28 Lose Combat Pursuer 585 | . 75 60 30 . . 30 30 . . . 345 15 Influence Decreases 4966 | 10 402 770 241 112 . 428 167 696 274 1227 209 430 Entered New Map 1947 | . . 25 131 112 . . 67 486 194 563 39 330 Time Decay 2179 | 10 362 545 100 . . 398 . 170 . 514 . 80 Lost Part 430 | . 40 50 . . . 30 100 . 60 . 130 20 Lost Ally 110 | . . . 10 . . . . 40 20 . 40 . Purge Threat 300 | . . 150 . . . . . . . 150 . . Squads Dispatched 18 | . 3 2 . . . 5 . 3 . 4 . 1 Investigation 4 | . 1 1 . . . 1 . . . . . 1 Extermination 3 | . . . . . . . . . . 3 . . Reinforcement 7 | . 2 1 . . . 2 . 1 . 1 . . Assault . | . . . . . . . . . . . . . Garrison 4 | . . . . . . 2 . 2 . . . . Intercept . | . . . . . . . . . . . . . Searches Triggered . | . . . . . . . . . . . . . Construction Impeded . | . . . . . . . . . . . . . Haulers Reinforced . | . . . . . . . . . . . . . Active Scanning Responses . | . . . . . . . . . . . . . Cargo Convoy Interrupts . | . . . . . . . . . . . . . Stealth | -11 -10 -9 -9 -9 -8 -8 -8 -8 -8 -7 -7 -7 --------- Run | Yrd Mat Mat Min Exi Min Mat Gar Mat Gar Fac Gar Sto Distress Signals 14 | . 3 2 . . . 3 . 4 1 1 . . Communications Jammed . | . . . . . . . . . . . . . Distress Signals . | . . . . . . . . . . . . . Times Spotted 223 | . 27 46 5 . . 34 26 13 30 16 20 6 Peak Tracking Total 11 | . 6 5 4 . . 7 6 4 7 3 11 8 Tactical Retreats 18 | . 3 2 2 . . 2 1 . . . 7 1 Traps | -11 -10 -9 -9 -9 -8 -8 -8 -8 -8 -7 -7 -7 ------- Run | Yrd Mat Mat Min Exi Min Mat Gar Mat Gar Fac Gar Sto Traps Triggered 11 | . 3 . . . . . 1 . 3 2 . 2 Indirectly . | . . . . . . . . . . . . . Trap Hack Attempts . | . . . . . . . . . . . . . Triggered . | . . . . . . . . . . . . . Disarmed . | . . . . . . . . . . . . . Reprogrammed . | . . . . . . . . . . . . . Reused . | . . . . . . . . . . . . . Traps Extracted . | . . . . . . . . . . . . . Installed . | . . . . . . . . . . . . . Triggered . | . . . . . . . . . . . . . Machines | -11 -10 -9 -9 -9 -8 -8 -8 -8 -8 -7 -7 -7 ---------- Run | Yrd Mat Mat Min Exi Min Mat Gar Mat Gar Fac Gar Sto Machines Disabled 11 | . . . . . . 2 2 3 1 . 3 . Max in Single Turn 2 | . . . . . . 2 1 1 1 . 1 . Garrison Relay 6 | . . . . . . . 3 . 1 . 2 . Machines Repaired . | . . . . . . . . . . . . . Machines Dismantled . | . . . . . . . . . . . . . Machines Sabotaged . | . . . . . . . . . . . . . Overloaded Fab Kills . | . . . . . . . . . . . . . Hacking | -11 -10 -9 -9 -9 -8 -8 -8 -8 -8 -7 -7 -7 --------- Run | Yrd Mat Mat Min Exi Min Mat Gar Mat Gar Fac Gar Sto Machines Accessed 54 | . 7 14 . 2 . 10 5 3 3 7 1 2 Terminals 40 | . 7 10 . . . 8 5 1 3 3 1 2 Fabricators 2 | . . . . . . . . . . 2 . . Repair Stations 1 | . . 1 . . . . . . . . . . Recycling Units 1 | . . 1 . . . . . . . . . . Scanalyzers 5 | . . 2 . . . 1 . 1 . 1 . . Garrison Access 3 | . . . . . . 1 . 1 . 1 . . Total Hacks 139 | . 19 43 . 5 . 25 10 10 7 14 2 4 Successful 74 | . 10 26 . 5 . 11 3 7 3 7 1 1 Failed 63 | . 8 16 . . . 14 7 3 4 7 1 3 Catastrophic 4 | . . . . . . 1 2 . . . 1 . Database Lockouts 2 | . 1 1 . . . . . . . . . . Manual 66 | . 16 23 . 1 . 11 3 5 . 6 1 . Terminals 111 | . 19 35 . . . 21 10 5 7 8 2 4 Fabricators 3 | . . . . . . . . . . 3 . . Repair Stations 4 | . . 4 . . . . . . . . . . Recycling Units 1 | . . 1 . . . . . . . . . . Scanalyzers 11 | . . 3 . . . 3 . 4 . 1 . . Garrison Access 4 | . . . . . . 1 . 1 . 2 . . Terminal Hacks 35 | . 6 10 . 5 . 5 3 . 3 1 1 1 Record 4 | . . . . 4 . . . . . . . . Robot Analysis 4 | . 2 2 . . . . . . . . . . Prototype ID Bank 1 | . 1 . . . . . . . . . . . Open Door 3 | . . . . . . . 1 . 1 . . 1 Branch Access Points 2 | . . 1 . . . 1 . . . . . . Emergency Access Points 3 | . . . . . . . 1 . 1 . 1 . Alert Level 4 | . . 2 . . . 2 . . . . . . Unreport Threat 2 | . . 1 . . . . . . . 1 . . Locate Traps 3 | . 1 2 . . . . . . . . . . Hauler Manifests 5 | . 2 2 . . . 1 . . . . . . Zone Layout 1 | . . . . . . 1 . . . . . . Garrison Registry 2 | . . . . . . . 1 . 1 . . . Proto ID Catalog 1 | . . . . 1 . . . . . . . . Fabricator Hacks 1 | . . . . . . . . . . 1 . . Network Status 1 | . . . . . . . . . . 1 . . Repair Station Hacks 4 | . . 4 . . . . . . . . . . Scan Component 2 | . . 2 . . . . . . . . . . Repair 2 | . . 2 . . . . . . . . . . Recycling Unit Hacks 1 | . . 1 . . . . . . . . . . Report Inventory 1 | . . 1 . . . . . . . . . . Scanalyzer 9 | . . 2 . . . 2 . 4 . 1 . . Retrieve Study 9 | . . 2 . . . 2 . 4 . 1 . . Garrison Access Hacks 4 | . . . . . . 1 . 1 . 2 . . Unlock Access 3 | . . . . . . 1 . 1 . 1 . . Coupler Status 1 | . . . . . . . . . . 1 . . Unauthorized Hacks 19 | . 4 8 . . . 3 . 2 . 2 . . Terminals 19 | . 4 8 . . . 3 . 2 . 2 . . Track 1 | . . 1 . . . . . . . . . . Assimilate 4 | . . 3 . . . 1 . . . . . . Botnet 11 | . 4 3 . . . 2 . 1 . 1 . . Operators 3 | . . 1 . . . . . 1 . 1 . . Fabricators . | . . . . . . . . . . . . . Repair Stations . | . . . . . . . . . . . . . Recycling Units . | . . . . . . . . . . . . . Scanalyzers . | . . . . . . . . . . . . . Garrison Access . | . . . . . . . . . . . . . Data Cores Recovered . | . . . . . . . . . . . . . Used . | . . . . . . . . . . . . . Hacking Detections 42 | . 5 11 . . . 9 5 2 2 6 1 1 Full Trace Events 7 | . . 1 . . . 1 3 . 1 . . 1 Feedback Events 1 | . . . . . . . 1 . . . . . Corruption 1 | . . . . . . . 1 . . . . . Feedback Blocked . | . . . . . . . . . . . . . Robot Schematics Acquired . | . . . . . . . . . . . . . Robots Built . | . . . . . . . . . . . . . Authchips . | . . . . . . . . . . . . . Time . | . . . . . . . . . . . . . Total Robot Build Rating . | . . . . . . . . . . . . . Part Schematics Acquired . | . . . . . . . . . . . . . Parts Built . | . . . . . . . . . . . . . Authchips . | . . . . . . . . . . . . . Time . | . . . . . . . . . . . . . Total Part Build Rating . | . . . . . . . . . . . . . Part Studies Acquired 8 | . . 2 . . . 2 . 3 . 1 . . Parts Repaired 2 | . . 2 . . . . . . . . . . Time 58 | . . 58 . . . . . . . . . . Parts Recycled . | . . . . . . . . . . . . . Recycled Matter . | . . . . . . . . . . . . . Retrieved Matter . | . . . . . . . . . . . . . Retrieved Components . | . . . . . . . . . . . . . Parts Scanalyzed . | . . . . . . . . . . . . . Part Schematics Acquired . | . . . . . . . . . . . . . Parts Damaged . | . . . . . . . . . . . . . Bothacking | -11 -10 -9 -9 -9 -8 -8 -8 -8 -8 -7 -7 -7 ------------ Run | Yrd Mat Mat Min Exi Min Mat Gar Mat Gar Fac Gar Sto Used RIF Installer 3 | . . . . . . . 1 . 2 . . . Hotswap 1 | . . . . . . . . . 1 . . . Zone Cloak 1 | . . . . . . . . . 1 . . . Robots Hacked . | . . . . . . . . . . . . . Non-combat . | . . . . . . . . . . . . . Combat . | . . . . . . . . . . . . . Robot Hacks Applied . | . . . . . . . . . . . . . Relay Couplers Released 24 | . . . . . . . 11 . 4 . 9 . Machine Destruction 24 | . . . . . . . 11 . 4 . 9 . Attached 1 | . . . . . . . . . . 1 . . Fabnet Peak Effective % . | . . . . . . . . . . . . . Robots Rewired 4 | . . . . . . . 4 . . . . . Allies Hacked 1 | . . . . . . . . . 1 . . . Hacks Repelled . | . . . . . . . . . . . . . Allies | -11 -10 -9 -9 -9 -8 -8 -8 -8 -8 -7 -7 -7 -------- Run | Yrd Mat Mat Min Exi Min Mat Gar Mat Gar Fac Gar Sto Total Allies 8 | . . 1 . . . . 4 . 1 . 2 . Largest Group 4 | . . 1 1 . . . 4 4 1 . 2 . Highest-Rated Group 124 | . . 10 10 . . . 121 121 39 . 124 . Highest-Rated Ally 62 | . . 10 10 . . . 39 39 39 . 62 . Total Orders . | . . . . . . . . . . . . . Ally Attacks 102 | . . . . . . . 16 43 29 . 14 . Total Damage 1573 | . . . . . . . 304 494 434 . 341 . Kills 15 | . . . . . . . 4 3 6 . 2 . Allies Corrupted . | . . . . . . . . . . . . . Allies Melted . | . . . . . . . . . . . . . Intel | -11 -10 -9 -9 -9 -8 -8 -8 -8 -8 -7 -7 -7 ------- Run | Yrd Mat Mat Min Exi Min Mat Gar Mat Gar Fac Gar Sto Active Infowar (turns) 5744 | 43 656 1141 218 279 149 1086 . . 145 1403 509 115 Optics 4002 | . . 98 218 279 149 1086 . . 145 1403 509 115 Seismic 1742 | 43 656 1043 . . . . . . . . . . Robot Analysis Total 4 | . 2 2 . . . . . . . . . . Derelict Logs Recovered . | . . . . . . . . . . . . . Drone Launches . | . . . . . . . . . . . . . Drone Recoveries . | . . . . . . . . . . . . . Exploration | -11 -10 -9 -9 -9 -8 -8 -8 -8 -8 -7 -7 -7 ------------- Run | Yrd Mat Mat Min Exi Min Mat Gar Mat Gar Fac Gar Sto Turns Passed 9479 | 120 1040 2132 218 279 149 1309 827 348 984 1403 509 161 Spaces Moved 6420 | 58 613 1318 142 250 136 925 512 259 688 1075 316 128 Core 169 | 2 . . . . . . . . . . 39 128 Treads 275 | 56 158 61 . . . . . . . . . . Legs 5976 | . 455 1257 142 250 136 925 512 259 688 1075 277 . Wheels . | . . . . . . . . . . . . . Hover . | . . . . . . . . . . . . . Flight . | . . . . . . . . . . . . . Fastest Speed 50 | 50 120 105 110 110 110 105 105 105 105 105 50 50 Average Speed 110 | 156 130 113 110 110 110 107 110 105 105 109 107 51 Slowest Speed 315 | 160 160 180 110 110 110 180 175 105 175 111 315 300 Overloaded Moves . | . . . . . . . . . . . . . Propulsion Burnouts . | . . . . . . . . . . . . . Robots Hopped . | . . . . . . . . . . . . . Potential Cave-ins . | . . . . . . . . . . . . . Cave-ins Triggered . | . . . . . . . . . . . . . Exploration Rate (%) 53 | 5 98 97 46 62 46 82 70 23 64 33 48 17 Regions Visited 12 Branch Regions 4 Pre-discovered Areas 2 | . . . 1 1 . . . . . . . . Known Exits Taken 4 | . . 1 . . . 1 . 1 . 1 . . Unknown Exits Taken 5 | 1 1 . 1 1 1 . . . . . . . Scrap Searched 2 | . . . 1 . 1 . . . . . . . Spaces Dug 10 | . . . . . . . . 1 . 7 2 . Terrain Destroyed 206 | . . 18 . . . 34 28 1 68 7 19 31 Melee 10 | . . . . . . . . 1 . 7 2 . Projectile 10 | . . . . . . 1 3 . 4 . 1 1 AOE 186 | . . 18 . . . 33 25 . 64 . 16 30 Terrain Rammed . | . . . . . . . . . . . . . Walls Destroyed . | . . . . . . . . . . . . . Machines Disabled . | . . . . . . . . . . . . . Actions | -11 -10 -9 -9 -9 -8 -8 -8 -8 -8 -7 -7 -7 --------- Run | Yrd Mat Mat Min Exi Min Mat Gar Mat Gar Fac Gar Sto Total 8079 | 76 744 1760 167 256 135 1157 681 321 874 1250 441 217 Wait 817 | . 51 250 1 . . 136 28 23 54 112 83 79 Move 6410 | 57 612 1317 141 249 135 925 511 259 686 1075 315 128 Hop . | . . . . . . . . . . . . . Pick Up 101 | 7 9 23 3 3 . 12 12 3 14 8 6 1 Fast Attach 40 | 6 1 12 . . . 3 6 2 7 2 . 1 Attach 47 | 1 3 7 . . . 8 7 . 7 3 7 4 Detach 11 | . . 2 . . . 1 2 . 2 1 2 1 Swap 54 | . 1 15 1 . . 6 7 9 9 6 . . Drop 109 | . 4 22 1 4 . 12 14 10 23 14 5 . Fire 397 | 5 63 112 20 . . 54 66 14 55 4 1 3 Melee 51 | . . . . . . . 1 1 2 25 22 . Ram . | . . . . . . . . . . . . . Kick . | . . . . . . . . . . . . . Crush . | . . . . . . . . . . . . . Escape Stasis 15 | . . . . . . . . . 15 . . . Rewire 27 | . . . . . . . 27 . . . . . Trap . | . . . . . . . . . . . . . Miscellaneous . | . . . . . . . . . . . . . Route ------- -11/Scrapyard -10/Materials (discovered 6 exits: *Mat x3 / [*Min x2] / [*Sub]) -9/Materials (discovered 5 exits: *Mat x3 / *Min x2) -9/Mines (discovered 2 exits: *Mat / *Exi) -9/Exiles (discovered 2 exits: [*Min x2]) -8/Mines -8/Materials (discovered 2 exits: *Fac / Gar) -8/Garrison (discovered 3 exits: *Mat x3) -8/Materials -8/Garrison (discovered 4 exits: *Fac x3 / [Mat]) -7/Factory (discovered 4 exits: [*Fac] / *Sto / [*Low] / Gar) -7/Garrison -7/Storage History --------- Turn | Location | Event 35 | -11/Scrapyard | Discovered new exit (range 16) 121 | -11/Scrapyard | Entered Materials 312 | -10/Materials | Build established: Mutant 610 | -10/Materials | Core integrity fell below 50% 611 | -10/Materials | Discovered new exit (range 9) 624 | -10/Materials | Central database locked down 671 | -10/Materials | Discovered new exit (range 5) 850 | -10/Materials | Discovered new exit (range 15) 886 | -10/Materials | Discovered new exit (range 7) 987 | -10/Materials | Discovered new exit (range 8) 1119 | -10/Materials | Discovered new exit (range 15) 1161 | -10/Materials | Entered another Materials area 1161 | -9/Materials | Evolved 2 slots: Propulsion x1, Utility x1 1174 | -9/Materials | Identified exit to Mines 1271 | -9/Materials | Lost 3 parts (2n1u) 1509 | -9/Materials | Discovered new exit (range 14) 2042 | -9/Materials | Build established: Scavenger-Mutant 2238 | -9/Materials | Destroyed 9 combat bots 2627 | -9/Materials | Discovered new exit (range 3) 2903 | -9/Materials | Central database locked down 2963 | -9/Materials | Discovered new exit (range 15) 3119 | -9/Materials | Repaired Imp. Aluminum Leg 3146 | -9/Materials | Repaired Aluminum Leg+ 3293 | -9/Materials | Entered Mines 3293 | -9/Mines | Accompanied by 1 ally 3294 | -9/Mines | Learned location of Storage (-7) 3497 | -9/Mines | Discovered new exit (range 8) 3506 | -9/Mines | Deemed a non-threat by the Exiles lab entrance 3506 | -9/Mines | Discovered new exit (range 5) 3511 | -9/Mines | Entered Exiles 3538 | -9/Exiles | Met 8R-AWN 3546 | -9/Exiles | Discovered new exit (range 16) 3575 | -9/Exiles | Met EX-HEX 3609 | -9/Exiles | Met EX-BIN 3621 | -9/Exiles | Aligned with FarCom system 3622 | -9/Exiles | Given EX-Vault access code 3647 | -9/Exiles | Opened EX-Vault 3655 | -9/Exiles | Found YOLO Cannon 3679 | -9/Exiles | Warned to stay clear of 0b10 Research branches 3711 | -9/Exiles | Met EX-DEC 3720 | -9/Exiles | Learned location of Zion (-6) 3782 | -9/Exiles | Discovered new exit (range 10) 3790 | -9/Exiles | Left Exiles lab with YOLO Cannon 3790 | -9/Exiles | Entered Mines 3927 | -8/Mines | Discovered new exit (range 12) 3939 | -8/Mines | Entered Materials 3939 | -8/Materials | Evolved 2 slots: Propulsion x1, Utility x1 4076 | -8/Materials | Garrison activated, responded to threat 4537 | -8/Materials | Garrison activated, responded to threat 4707 | -8/Materials | Discovered new exit (range 18) 5248 | -8/Materials | Identified exit to Garrison 5248 | -8/Materials | Entered Garrison 5406 | -8/Garrison | Garrison Relay disabled 5526 | -8/Garrison | Lost 3 parts (1n2u) 5534 | -8/Garrison | Triggered checkpoint 5542 | -8/Garrison | Destroyed 9 combat bots 5596 | -8/Garrison | Triggered checkpoint 5635 | -8/Garrison | Installed Relay Interface Framework 5646 | -8/Garrison | Garrison Relay disabled 5693 | -8/Garrison | Discovered new exit (range 10) 5744 | -8/Garrison | Triggered checkpoint 5788 | -8/Garrison | Triggered checkpoint 5850 | -8/Garrison | Triggered checkpoint 5906 | -8/Garrison | Lost 6 parts (1p4n1u) 5997 | -8/Garrison | Discovered new exit (range 69) 5997 | -8/Garrison | Discovered new exit (range 22) 5997 | -8/Garrison | Discovered new exit (range 62) 6075 | -8/Garrison | Entered Materials 6075 | -8/Materials | Accompanied by 4 allies 6322 | -8/Materials | Garrison activated, responded to threat 6415 | -8/Materials | Identified exit to Garrison 6423 | -8/Materials | Entered Garrison 6423 | -8/Garrison | Accompanied by 1 ally 6445 | -8/Garrison | Core integrity fell below 50% 6460 | -8/Garrison | P-60 Hacker assimilated allied 4M-NFD(h) 6510 | -8/Garrison | Rescued a captive Derelict 6631 | -8/Garrison | Triggered checkpoint 6657 | -8/Garrison | Triggered checkpoint 6678 | -8/Garrison | Destroyed 10 combat bots 6683 | -8/Garrison | Triggered checkpoint 6843 | -8/Garrison | Triggered checkpoint 6843 | -8/Garrison | Garrison Relay disabled 6873 | -8/Garrison | Discovered new exit (range 7) 6873 | -8/Garrison | Discovered new exit (range 75) 6873 | -8/Garrison | Discovered new exit (range 77) 6873 | -8/Garrison | Discovered new exit (range 15) 7051 | -8/Garrison | Expanded RIF knowledge: Zone Cloak 7325 | -8/Garrison | Core integrity fell below 20% 7380 | -8/Garrison | Expanded RIF knowledge: Hotswap 7407 | -8/Garrison | Entered Factory 7407 | -7/Factory | Evolved 2 slots: Utility x2 7891 | -7/Factory | Build established: Scavenger-Gladiator 8195 | -7/Factory | Discovered new exit (range 5) 8206 | -7/Factory | Allied Derelicts emerged from ambush trap array 8293 | -7/Factory | Discovered new exit (range 21) 8356 | -7/Factory | Allied Derelicts emerged from ambush trap array 8418 | -7/Factory | Discovered new exit (range 7) 8810 | -7/Factory | Identified exit to Garrison 8810 | -7/Factory | Entered Garrison 8848 | -7/Garrison | Triggered checkpoint 8853 | -7/Garrison | Garrison Relay disabled 8874 | -7/Garrison | Triggered checkpoint 8908 | -7/Garrison | Triggered checkpoint 8939 | -7/Garrison | Garrison Relay disabled 9086 | -7/Garrison | Triggered checkpoint 9153 | -7/Garrison | Heavy support dispatched to Storage 9182 | -7/Garrison | Heavy support dispatched to Storage 9193 | -7/Garrison | Found embedded Infiltrators 9223 | -7/Garrison | Triggered checkpoint 9238 | -7/Garrison | Lost 3 parts (1n1u1w) 9306 | -7/Garrison | Core integrity fell below 50% 9315 | -7/Garrison | Discovered new exit (range 8) 9319 | -7/Garrison | Entered Storage 9325 | -7/Storage | Lost 10 parts (6n3u1w) 9468 | -7/Storage | Core integrity fell below 20% 9480 | -7/Storage | YOLO Cannon suddenly exploded 9480 | -7/Storage | Destroyed self Last Messages --------------- S009. Dispatching Investigation squad. 09381_ XM 09434_ Triggered Blade Trap. 09434_ Massive razor-sharp blades shoot up from within the floor. 09434_ Enh. Optical Array severed. 09434_ System Shield severed. 09434_ Imp. Melee Analysis Suite severed. 09434_ Triggered Blade Trap. 09434_ Massive razor-sharp blades shoot up from within the floor. 09455_ Y-54 Guardian suffers critical hit (Meltdown). 09455_ Flak Gun melted. 09466_ K-01 Serf collects debris. 09480_ YOLO Cannon suddenly explodes. 09480_ Drone Bay destroyed. 09480_ Core damaged (-28). [Achievement: YOLO] Map ----- +----------------------------------------------------+ | ?????????????????????????????????????????????????? | | ?????????????????????????????????????????????????? | | ?????????????????????????????????????????????????? | | ?????????????????????????????????????????????????? | | ?????????????????????????????????????????????????? | | ?????????????????????????????????????????????????? | | ?????????????????????? %! ??????????????????????? | | ?????????????????????? ??????????????????????? | | ?????????????????????? w??????????????????????? | | ??????????????????????" "??????????????????????? | | ??????????????????????# ###????????????????????? | | ?????????????????????## ; #????????????????????? | | ?????????????????????#; ; "????????????????????? | | ?????????????????????#; #????????????????????? | | ?????????????????????#;g ; ?????????Y???????????? | | ?????????????????????#; g;"###?#????????????????? | | ??????????????????????;ggg; #????????????????? | | ??????????????????????# ; """ #????????????????? | | ??????????????????????# # """ #????????????????? | | ??????????????????????# # R" ###########??????? | | ??????????????????????# # """ # #??????? | | ??????????????????????# # "" # """" #??????? | | ??????????????????????#m # # """" #??????? | | ??????????????????????# + """ # """" #??????? | | ??????????????????????# # """ # """" #??????? | | ??????????????????????# @# """ # #??????? | | ??????????????????????# # # #??????? | | ??????????????????????#^ # ! # #??????? | | ??????????????????????# ^ ###########+######?????? | | ??????????????????????# #?????? | | ???????????????????#### #?????? | | ?????????????????### #?????? | | ?????????????????" + ###+##+#########+######?????? | | ?????????????????#T# #?# ##T #??????????? | | ?????????????????### #?# #### ##??????????? | | ???????????????????# #?# #?#! #??????????? | | ???????????????????# #?# #?#! !#??????????? | | ???????????????????# #?# #?#! !#??????????? | | ???????????????????# #?# #?#! !#??????????? | | ???????????????????# ### #?#####??????????? | | ???????????????????# + #????????????????? | | ???????????????????##### #????????????????? | | ???????????????????????##########????????????????? | | ?????????????????????????????????????????????????? | | ?????????????????????????????????????????????????? | | ?????????????????????????????????????????????????? | | | | | | | | | +----------------------------------------------------+ Best States ------------- Heat Dissipation 50 Energy Generation 16 Energy Capacity 290 Matter Stores 300 Matter Capacity 300 Sight Range 22 Terrain Scan Density 10 Armor Coverage 150 Propulsion Shielding 66 Weapon Cycling 15 Evasion (%) 55 Targeting Accuracy 8 Melee Accuracy 6 Recoil Reduction 5 Offensive Hacking 10 Defensive Hacking 10 Relay Coupler Types 1 Relay Coupler Value 25 Item Schematics ----------------- None Robot Schematics ------------------ None Fabricated ------------ Nothing Repaired ---------- Imp. Aluminum Leg | 7% | -9/Materials Aluminum Leg | 20% | -9/Materials Studied --------- Aluminum Leg | -9/Materials | Hacked Lgt. Assault Rifle | -9/Materials | Hacked Carbon-fiber Leg | -8/Materials | Hacked Hvy. Assault Rifle | -8/Materials | Hacked Lgt. Treads | -8/Materials | Hacked Great Maul | -8/Materials | Hacked Shotgun | -8/Materials | Hacked Greatsword | -7/Factory | Hacked Alien Tech Used ----------------- None Achievements -------------- Into The Breach YOLO Challenges ------------ None Game ------ Seed MassUtilityRecalibrator Manual? 0 Play Time 01:22:38 Cumulative 223.0 hours Start 2025.12.16 @ 10:09:11 End 2026.01.01 @ 22:27:31 Sessions 9 Manual Loads 0 Difficulty Rogue Special Mode None Game No. 275 Rogue 275 Adventurer 0 Explorer 0 Win Type - Total 3 Types 3/0/0/0/0/0/0/0/0/0 Lore% 75 Gallery% 57 Achievement% 42 Wizard Run 0 Options --------- Layout 1 ASCII 0 Keyboard 1 Movement Numpad Keybinds 0 Fullscreen 2 Font 24/Smallcaps Map View 50x35 Zoom Use 0% Tactical HUD 1 Map Filters NONE Filters NONE Steam 1 RUN: 22285cd5-3386-4205-bc77-02387e930a74